 Dungeon Crawl Stone Soup version 0.24-b1-30-g840c9efd86 (webtiles) character file.

Game seed: 11927806570968506547, levelgen mode: deterministic

108870 Esekla the Thaumaturge (level 16, -4/83 HPs)
             Began as a Deep Elf Wizard on Oct 23, 2019.
             Was the Champion of Qazlal.
             Killed by divine providence
             ... invoked by Saint Roka
              (15 damage)
             ... on level 2 of the Orcish Mines on Oct 24, 2019.
             The game lasted 09:07:38 (29734 turns).

Esekla the Thaumaturge (Deep Elf Wizard)           Turns: 29734, Time: 09:07:38

Health: -4/83      AC: 29    Str: 13    XL:     16   Next: 3%
Magic:  22/45      EV: 27    Int: 26    God:    Qazlal [******]
Gold:   2587       SH: 16    Dex: 19    Spells: 3/43 levels left

rFire    . . .     SeeInvis .   g - +2 long sword (vamp)
rCold    . . .     Gourm    .   D - +0 buckler
rNeg     . . .     Faith    .   J - +4 troll leather armour
rPois    .         Spirit   .   T - +2 helmet
rElec    .         Reflect  +   B - +2 cloak
rCorr    .         Harm     .   O - +0 pair of gloves
MR       +....                  (no boots)
Stlth    +.........             i - +2 amulet of reflection
HPRegen  0.63/turn              z - ring of magical power
MPRegen  0.29/turn              E - +4 ring of evasion

@: mighty, agile, icy armour, protected from physical damage, very slightly
contaminated, invisible, repel missiles
A: no striking features
a: Upheaval, Elemental Force, Disaster Area, Renounce Religion


You were on level 2 of the Orcish Mines.
You worshipped Qazlal.
Qazlal was exalted by your worship.
You were hungry.

You visited 3 branches of the dungeon, and saw 23 of its levels.
You also visited: Ossuary and Bailey.

You collected 2692 gold pieces.
You spent 105 gold pieces at shops.

Inventory:

Hand Weapons
 e - a +2 short sword of electrocution
 g - a +2 vampiric long sword (weapon)
 p - the +3 rapier of Agony {speed, rF+ MP+9 Dex-3 SInv}
   (You acquired it in a bailey)

   Attacks with this weapon are significantly faster.
   It affects your dexterity (-3).
   It protects you from fire.
   It affects your magic capacity (+9).
   It lets you see invisible.
 t - a +4 trident
 v - a +2 rapier of venom
Missiles
 q - 61 boomerangs
 C - 13 javelins
 H - 4 boomerangs of dispersal
 R - 45 poisoned darts (quivered)
Armour
 B - a +2 cloak (worn)
 D - a +0 buckler (worn)
 J - a +4 troll leather armour (worn)
 O - a +0 pair of gloves (worn)
 T - a +2 helmet (worn)
Jewellery
 i - a +2 amulet of reflection (around neck)
 z - a ring of magical power (left hand)
 E - a +4 ring of evasion (right hand)
 M - an uncursed ring of positive energy
 W - an uncursed ring of magical power
Wands
 k - a wand of polymorph (23)
 y - a wand of paralysis (24)
 G - a wand of flame (44)
 I - a wand of disintegration (34)
 K - a wand of acid (28)
 L - a wand of scattershot (4)
 P - a wand of digging (5)
 X - a wand of iceblast (18)
 Z - a wand of clouds (4)
Scrolls
 a - 3 scrolls of identify
 b - a scroll of amnesia
 c - 3 scrolls of fear
 j - 12 scrolls of remove curse
 n - 3 scrolls of blinking
 r - 4 scrolls of teleportation
 s - 2 scrolls of magic mapping
Potions
 f - 6 potions of brilliance
 h - 5 potions of flight
 l - 2 potions of agility
 m - 2 potions of lignification
 o - a potion of invisibility
 u - 3 potions of curing
 x - 2 potions of resistance
 A - 5 potions of might
 F - a potion of berserk rage
 Q - 2 potions of haste
 V - a potion of cancellation
Miscellaneous
 w - a lamp of fire
 U - a lightning rod (4/4)
 Y - a phial of floods
Comestibles
 d - 27 rations


   Skills:
 - Level 3.0 Fighting
 * Level 11.2(11.5) Short Blades
 * Level 3.5(7.5) Long Blades
 + Level 3.2 Throwing
 * Level 4.6 Armour
 + Level 7.7 Dodging
 - Level 3.1 Stealth
 + Level 7.3 Shields
 * Level 14.1 Spellcasting
 + Level 12.1 Conjurations
 * Level 1.7 Hexes
 + Level 9.0 Charms
   Level 1.1 Summonings
 * Level 5.8 Translocations
 + Level 10.2 Fire Magic
 + Level 10.3 Ice Magic
 + Level 4.9 Air Magic
 * Level 5.6 Earth Magic
 + Level 5.1 Poison Magic
 + Level 0.5 Evocations


You had 3 spell levels left.
You knew the following spells:

 Your Spells              Type           Power        Failure   Level  Hunger
a - Ozocubu's Armour      Chrm/Ice       ######..     1%          3    None
b - Blink                 Tloc           N/A          1%          2    None
c - Mephitic Cloud        Conj/Pois/Air  ######..     1%          3    None
d - Magic Dart            Conj           ####         1%          1    None
e - Fireball              Conj/Fire      ######....   1%          5    ##.....
f - Conjure Flame         Conj/Fire      ######..     1%          3    None
i - Sticky Flame          Conj/Fire      ######..     1%          4    None
k - Tukima's Dance        Hex            ####....     5%          3    None
l - Lightning Bolt        Conj/Air       ######....   3%          5    ##.....
m - Bolt of Magma         Conj/Fire/Erth ######....   2%          5    ##.....
p - Dispersal             Tloc           #####.....   45%         6    ####...

Your spell library contained the following spells:

 Spells                   Type           Power        Failure   Level  Hunger
 Corona                   Hex            ####...      1%          1    None
 Flame Tongue             Conj/Fire      #####        1%          1    None
 Freeze                   Ice            ####         1%          1    None
 Ensorcelled Hibernation  Hex/Ice        #####.       1%          2    None
 Throw Flame              Conj/Fire      ######       1%          2    None
 Throw Frost              Conj/Ice       ######       1%          2    None
 Dazzling Spray           Conj/Hex       ######       1%          3    None
 Gell's Gravitas          Tloc           #####.....   1%          3    None
 Inner Flame              Hex/Fire       #####...     1%          3    None
 Static Discharge         Conj/Air       ######..     1%          3    None
 Slow                     Hex            ####....     2%          2    None
 Portal Projectile        Hex/Tloc       #####.       2%          3    None
 Call Imp                 Summ           ###.....     3%          2    None
 Confuse                  Hex            ####....     5%          3    None
 Force Lance              Conj/Tloc      ######..     1%          4    None
 Throw Icicle             Conj/Ice       ######..     1%          4    None
 Summon Ice Beast         Ice/Summ       #####...     3%          4    None
 Leda's Liquefaction      Hex/Erth       #####.....   9%          4    None
 Iron Shot                Conj/Erth      ######....   16%         6    ####...
 Statue Form              Tmut/Erth      ####.....    87%         6    ####...
 Ignition                 Fire           ######....   98%         8    #######
 Controlled Blink         Tloc           N/A          100%        8    #######
 Disjunction              Tloc           #####.....   100%        8    #######
 Shatter                  Erth           #####.....   100%        9    #######
 Tornado                  Air            #####.....   100%        9    #######


Dungeon Overview and Level Annotations

Branches:
Dungeon (15/15)            Temple (0/1) D:4            Lair (6/6) D:11
  Swamp (0/4) Lair:2        Snake (0/4) Lair:3        Slime (0/5) Lair:6
    Orc (2/2) D:9             Elf (0/3) Orc:2        Vaults (0/5) D:13
 Depths (0/5) D:15        Ossuary (visited)          Bailey (visited)

Altars:
Cheibriados
Fedhas
Gozag
Kikubaaqudgha
Nemelex Xobeh
Qazlal
Sif Muna
Trog
Vehumet
Xom
Yredelemnul
The Shining One
Beogh

Shops:
D:3 *   D:9 !   D:12 [   Orc:2 }[

Annotations:
Lair:3 1 runed translucent door, Luuwnalu's ghost, journeyman KoHu
Orc:2 Saint Roka


Message History

You hear a mighty clap of thunder!
The bolt of lightning hits Saint Roka!
Saint Roka is severely wounded.
The bolt of lightning hits Saint Roka!
Saint Roka is severely wounded.
You hear a shout! x2
Saint Roka seems less confused.
Saint Roka burns!
Saint Roka stops burning.
Saint Roka invokes the aid of Beogh against you.
Beogh smites you!
* * * LOW HITPOINT WARNING * * *
You fade into invisibility!
You are very lightly contaminated with residual magic.
Casting: Lightning Bolt (safe; 3% risk of failure)
Confirm with . or Enter, or press ? or * to list all spells.
You blink.
You hear a shout!
You feel better.
Saint Roka mumbles some strange prayers to Beogh against you.
Beogh smites you!
You die...

#.##..#.......## ##...
##.............# #..#
##..######......# '...'
#.## #...'....#......#
#...# #.##
##...#...8#......#
#.8.#####.#.
#....######.#....# #o..#..
#... ##...[......#..○.#
'...'. #...
##.##<[...#.....# #...#
#... #####........☼@#
##...## #... ###.......☼##
#8o..8# #...
##.........☼###.....###....
#.............##'''##.....#
##....#...°...)(...........
##...#....o§...8.8.......#
#........#.§...........##.
##.......##§...........#..
#.......###.#............


You could see Saint Roka.

Vanquished Creatures
  An ettin (D:15)
  The ghost of Arctirus the Destroyer, a journeyman OpWz of Vehumet (D:10)
  Harold (D:8)
  2 catoblepae
  10 hydras
  3 centaur warriors
  12 death yaks
  2 ogre magi
  10 two-headed ogres
  Urug (D:11)
  Sonja (Lair:2)
  The ghost of agentgt the Grappler, a novice CeCK of Xom (D:11)
  5 orc high priests
  A hell knight (D:15)
  8 skeletal warriors
  A wizard (D:15)
  2 unseen horrors
  A deep elf archer (D:15)
  8 orc knights
  Pikel (D:4)
  14 ugly things
  A deep elf mage (D:15)
  A wolf spider zombie (D:15)
  A manticore (D:14)
  3 orc sorcerers (Orc:2)
  2 oklob plants (Lair:4)
  4 cyclopes
  A moth of wrath (D:10)
  A torpor snail (Lair:3)
  5 black mambas
  5 gargoyles
  2 kobold demonologists (Bailey)
  25 spiny frogs
  4 rime drakes
  5 komodo dragons
  A freezing wraith (D:15)
  A yaktaur (D:15)
  11 trolls
  A tengu conjurer (D:15)
  Prince Ribbit (D:9)
  31 blink frogs
  A polar bear (Lair:4)
  4 tyrant leeches (Lair:6)
  13 hippogriffs
  A meliai zombie (D:12)
  7 dream sheep
  A hippogriff (shapeshifter) (D:13)
  A vampire (D:12)
  2 wraiths (Ossuary)
  22 yaks
  Eustachio (D:4)
  5 basilisks
  A shadow (D:10)
  4 wyverns
  Grum (D:10)
  3 hungry ghosts
  6 vampire mosquitoes
  3 acid dragons
  3 wargs
  2 soldier ants
  20 water moccasins
  9 porcupines
  47 orc warriors
  2 black bears
  2 eyes of draining
  2 sky beasts
  3 ice beasts
  A necrophage (D:9)
  15 ogres
  A boggart (D:13)
  14 centaurs
  17 wolves
  14 crocodiles
  10 big kobolds
  22 bullfrogs
  A wyvern skeleton (D:13)
  5 scorpions
  14 killer bees
  5 electric eels
  6 wights
  2 howler monkeys
  A crimson imp (D:15)
  3 quasits
  A bullfrog zombie (D:9)
  6 centaur zombies
  3 hounds
  7 jellies
  Crazy Yiuf (D:3)
  26 orc priests
  A bullfrog skeleton (D:13)
  5 centaur skeletons
  A gnoll shaman (D:10)
  7 iguanas
  26 orc wizards
  13 worker ants
  3 worker ant zombies
  A howler monkey skeleton (D:8)
  16 adders
  27 gnolls
  3 river rats (D:5)
  4 shadow imps
  3 oozes
  2 adder skeletons
  2 adder zombies
  4 worms
  A dart slug (D:4)
  4 leopard geckos
  119 orcs
  9 bats
  A bat zombie (D:5)
  4 giant cockroaches
  17 goblins
  22 hobgoblins
  8 jackals
  A quokka (D:10)
  3 ball pythons
  2 ball python skeletons (Ossuary)
  5 frilled lizards
  3 hobgoblin zombies (Ossuary)
  30 kobolds
  2 kobold zombies (Ossuary)
  An orc skeleton (Ossuary)
  An orc zombie (Ossuary)
  8 rats
  2 rat zombies (D:5)
  2 fungi
  4 plants
900 creatures vanquished.

Vanquished Creatures (others)
  A centaur warrior (D:13)
  A cyclops (Orc:1)
  A spiny frog (Lair:6)
  A water moccasin (Lair:5)
  2 centaurs
  An electric eel (Bailey)
  A howler monkey (D:4)
  2 orc wizards (D:4)
  A leopard gecko (D:4)
  3 orcs (D:4)
  2 jackals (D:11)
  2 kobolds
  11 fungi
  33 plants
62 creatures vanquished.

Grand Total: 962 creatures vanquished

Notes
Turn   | Place    | Note
-------+----------+-------------------------------------------
     0 | D:1      | Esekla the Deep Elf Wizard began the quest for the Orb.
     0 | D:1      | Reached XP level 1. HP: 10/10 MP: 7/7
   239 | D:1      | Reached XP level 2. HP: 15/15 MP: 6/9
   245 | D:1      | Learned a level 2 spell: Blink
   628 | D:1      | Reached XP level 3. HP: 19/19 MP: 1/11
   643 | D:1      | Reached skill level 5 in Spellcasting
   905 | D:1      | Learned a level 3 spell: Mephitic Cloud
   909 | D:1      | Learned a level 3 spell: Conjure Flame
  1042 | D:2      | Found a stormy altar of Qazlal.
  1748 | D:2      | Reached XP level 4. HP: 24/24 MP: 11/13
  1969 | D:3      | Found an opulent altar of Gozag.
  1975 | D:3      | Found Gozag's Platinum Reserve.
  2011 | D:3      | Found a radiant altar of Vehumet.
  2065 | D:3      | Found a shimmering blue altar of Sif Muna.
  2158 | D:3      | Reached skill level 1 in Poison Magic
  2159 | D:3      | Reached XP level 5. HP: 28/28 MP: 4/14
  2299 | D:4      | Found a stormy altar of Qazlal.
  2301 | D:4      | Noticed a fire elemental
  2302 | D:4      | Noticed a water elemental
  2302 | D:4      | Noticed an air elemental
  2403 | D:4      | Noticed a slave
  2406 | D:4      | Noticed a slave
  2447 | D:4      | Became a worshipper of Qazlal Stormbringer
  2453 | D:5      | Entered Level 5 of the Dungeon
  2501 | D:5      | Reached skill level 1 in Air Magic
  2713 | D:5      | Reached XP level 6. HP: 21/32 MP: 1/16
  2725 | D:5      | HP: 1/32 [gnoll/+0 dagger (5)]
  2726 | D:5      | Reached skill level 6 in Spellcasting
  2771 | D:5      | Found a glowing drain.
  2774 | D:5      | HP: 1/32 [worker ant (4)]
  2836 | D:5      | Reached skill level 1 in Short Blades
  2853 | D:5      | Found a sand-covered staircase.
  2876 | Ossuary  | Entered an ossuary
  3192 | Ossuary  | Noticed a flying skull
  3192 | Ossuary  | Noticed a wraith
  3203 | Ossuary  | Noticed a flying skull
  3208 | Ossuary  | Noticed a flying skull
  3251 | Ossuary  | Noticed a flying skull
  3256 | Ossuary  | Noticed a wraith
  3367 | Ossuary  | Noticed a wraith
  3441 | Ossuary  | Killed a wraith
  3441 | Ossuary  | Reached * piety under Qazlal
  3441 | Ossuary  | Reached skill level 7 in Spellcasting
  3441 | Ossuary  | Reached XP level 7. HP: 24/36 MP: 0/19
  3637 | Ossuary  | Killed a wraith
  4048 | D:5      | Reached skill level 1 in Fire Magic
  4069 | D:5      | Found a sparkling altar of Nemelex Xobeh.
  4407 | D:3      | Reached skill level 5 in Conjurations
  4433 | D:3      | Reached XP level 8. HP: 41/41 MP: 14/21
  4449 | D:3      | Found a runed translucent door.
  4450 | D:3      | Noticed Crazy Yiuf
  4558 | D:3      | Killed Crazy Yiuf
  4757 | D:4      | Got a brightly glowing helmet
  4768 | D:4      | Found a staircase to the Ecumenical Temple.
  4780 | D:4      | Noticed Pikel
  4796 | D:4      | Killed Pikel
  4796 | D:4      | Reached skill level 8 in Spellcasting
  4813 | D:3      | Identified the cursed +0 helmet of Spite {rN+} (You found
                  | it on level 4 of the Dungeon)
  4986 | D:4      | Reached ** piety under Qazlal
  5029 | D:4      | Noticed Eustachio
  5043 | D:4      | Killed Eustachio
  5670 | D:5      | Found an ancient bone altar of Kikubaaqudgha.
  5774 | D:6      | Found a bloodstained altar of Trog.
  6163 | D:7      | Reached XP level 9. HP: 45/45 MP: 17/23
  6189 | D:7      | Reached skill level 5 in Translocations
  6436 | D:7      | Found a blossoming altar of Fedhas.
  6491 | D:7      | Reached skill level 1 in Armour
  6528 | D:7      | Reached skill level 1 in Shields
  6785 | D:7      | Learned a level 4 spell: Sticky Flame
  6894 | D:7      | Found a blossoming altar of Fedhas.
  7171 | D:8      | Learned a level 3 spell: Ozocubu's Armour
  7305 | D:8      | Noticed Harold
  7341 | D:8      | Killed Harold
  7519 | D:8      | You fall into a shaft and drop 2 floors!
  7519 | D:10     | Entered Level 10 of the Dungeon
  7588 | D:10     | Reached skill level 1 in Charms
  7610 | D:10     | Reached *** piety under Qazlal
  7689 | D:10     | Reached XP level 10. HP: 44/50 MP: 24/24
  7722 | D:9      | Found Paythein's Distillery.
  7722 | D:9      | Found a basalt altar of Yredelemnul.
  7739 | D:9      | Bought 2 potions of degeneration for 30 gold pieces
  7753 | D:9      | Learned a level 5 spell: Fireball
  8177 | D:9      | Noticed a two-headed ogre
  8193 | D:9      | Killed a two-headed ogre
  8193 | D:9      | Reached skill level 5 in Short Blades
  8206 | D:9      | Reached skill level 9 in Spellcasting
  8238 | D:9      | Noticed Prince Ribbit
  8278 | D:9      | Killed Prince Ribbit
  8716 | D:9      | Found a glowing golden altar of the Shining One.
  8786 | D:9      | Reached skill level 5 in Fire Magic
  8905 | D:9      | Noticed a three-headed hydra
  8915 | D:9      | Killed a three-headed hydra
  8915 | D:9      | Reached skill level 1 in Fighting
  9077 | D:9      | Found a staircase to the Orcish Mines.
  9198 | D:9      | Found a snail-covered altar of Cheibriados.
  9263 | D:10     | Noticed Grum
  9272 | D:10     | Killed Grum
  9272 | D:10     | Reached **** piety under Qazlal
  9289 | D:10     | Reached XP level 11. HP: 38/56 MP: 23/26
  9300 | D:10     | Reached skill level 5 in Ice Magic
  9448 | D:10     | Noticed Arctirus's ghost (journeyman OpWz)
  9553 | D:10     | Found a transporter.
  9557 | D:10     | Found a transporter.
 10158 | D:11     | Noticed an unseen horror
 10366 | D:11     | Noticed a green ugly thing
 10644 | D:11     | Killed a green ugly thing
 10820 | D:11     | Noticed Urug
 10849 | D:11     | Killed Urug
 11061 | D:11     | Got an ichor-stained robe
 11072 | D:11     | Identified the +2 robe of Wrong Decisions {rN+ Regen+ Str+2
                  | Dex-4} (You found it on level 11 of the Dungeon)
 11147 | D:11     | Killed an unseen horror
 11170 | D:11     | Found a staircase to the Lair.
 11259 | D:11     | Noticed agentgt's ghost (novice CeCK)
 11262 | D:11     | Found a runed translucent door.
 11351 | D:11     | Noticed a skeletal warrior
 11355 | D:11     | Noticed a skeletal warrior
 11368 | D:11     | Killed a skeletal warrior
 11368 | D:11     | Reached skill level 10 in Spellcasting
 11379 | D:11     | Killed a skeletal warrior
 11380 | D:11     | Noticed a skeletal warrior
 11437 | D:11     | Killed a skeletal warrior
 11602 | Lair:1   | Entered Level 1 of the Lair of Beasts
 11605 | Lair:1   | Noticed an eight-headed hydra
 11619 | Lair:1   | Reached skill level 5 in Charms
 11632 | Lair:1   | Killed an eight-headed hydra
 11632 | Lair:1   | Reached XP level 12. HP: 24/62 MP: 8/28
 11680 | Lair:1   | Noticed a six-headed hydra
 11693 | Lair:1   | Killed a six-headed hydra
 11902 | Lair:1   | Reached ***** piety under Qazlal
 12026 | Lair:1   | Reached skill level 5 in Dodging
 12786 | D:12     | Noticed a two-headed ogre
 12819 | D:12     | Killed a two-headed ogre
 12884 | D:12     | Reached skill level 11 in Spellcasting
 13033 | D:12     | Found Qatubyck's Armour Emporium.
 13375 | D:13     | Noticed a catoblepas
 13493 | D:12     | Killed a catoblepas
 13568 | D:13     | Noticed a centaur warrior
 13583 | D:13     | Killed a centaur warrior
 13911 | D:13     | Noticed an ogre mage
 13913 | D:13     | Noticed a centaur warrior
 13924 | D:13     | Killed a centaur warrior
 13924 | D:13     | Noticed a two-headed ogre
 13928 | D:13     | Killed an ogre mage
 13937 | D:13     | Killed a two-headed ogre
 13937 | D:13     | Reached XP level 13. HP: 53/68 MP: 9/30
 14035 | D:13     | Reached skill level 5 in Shields
 14119 | D:13     | Found a gate to the Vaults.
 14797 | Lair:1   | Reached skill level 10 in Conjurations
 14986 | Lair:2   | Noticed Sonja
 14996 | Lair:2   | Killed Sonja
 15135 | Lair:2   | Found a staircase to the Swamp.
 16026 | Lair:3   | Found a staircase to the Snake Pit.
 16085 | Lair:3   | Reached ****** piety under Qazlal
 16374 | Lair:3   | Found a runed translucent door.
 16375 | Lair:3   | Found a shimmering altar of Xom.
 16375 | Lair:3   | Noticed Luuwnalu's ghost (journeyman KoHu)
 16986 | Lair:4   | Reached skill level 1 in Throwing
 17388 | Lair:4   | Reached XP level 14. HP: 54/74 MP: 20/31
 18198 | Lair:4   | Learned a level 5 spell: Bolt of Magma
 18288 | Lair:5   | Reached skill level 12 in Spellcasting
 18289 | Lair:5   | HP: 3/74 [death yak (12)]
 18324 | Lair:5   | Reached skill level 1 in Earth Magic
 18705 | Lair:5   | Reached skill level 10 in Short Blades
 20577 | D:14     | Found a flagged portal.
 20689 | Bailey   | Entered a bailey
 20696 | Bailey   | Learned a level 5 spell: Lightning Bolt
 20952 | Bailey   | Found an iron altar of Okawaru.
 21222 | Bailey   | Got a scorched rapier
 21223 | Bailey   | Identified the +3 rapier of Agony {speed, rF+ MP+9 Dex-3
                  | SInv} (You acquired it in a bailey)
 22176 | D:14     | Found a roughly hewn altar of Beogh.
 22337 | D:15     | Entered Level 15 of the Dungeon
 22485 | D:15     | Reached skill level 1 in Long Blades
 22485 | D:15     | Reached skill level 13 in Spellcasting
 22583 | D:15     | Reached XP level 15. HP: 78/78 MP: 24/34
 23003 | D:15     | Found a staircase to the Depths.
 23905 | D:11     | Killed agentgt's ghost
 24132 | D:10     | Killed Arctirus's ghost
 24177 | D:10     | Got a coiled platinum amulet
 24198 | D:10     | Identified the amulet "Nugeukirch" {Harm *Drain SInv} (You
                  | found it on level 10 of the Dungeon)
 24279 | D:9      | Bought a potion of heal wounds for 75 gold pieces
 24675 | Lair:6   | Entered Level 6 of the Lair of Beasts
 25062 | Lair:5   | Reached skill level 10 in Fire Magic
 25489 | Lair:5   | Learned a level 6 spell: Dispersal
 25535 | Lair:6   | Reached skill level 5 in Poison Magic
 25565 | Lair:6   | Reached skill level 10 in Ice Magic
 25769 | Lair:6   | Reached skill level 5 in Earth Magic
 26428 | Lair:6   | Found a staircase to the Slime Pits.
 26950 | Lair:6   | Learned a level 3 spell: Tukima's Dance
 27137 | Orc:1    | Entered Level 1 of the Orcish Mines
 27743 | Orc:1    | Reached skill level 1 in Hexes
 27855 | Orc:1    | Found a roughly hewn altar of Beogh.
 28054 | Orc:2    | Entered Level 2 of the Orcish Mines
 28098 | Orc:2    | Reached skill level 14 in Spellcasting
 28274 | Orc:2    | Paralysed by an orc sorcerer for 7 turns
 28383 | Orc:2    | Found a staircase to the Elven Halls.
 28479 | Orc:2    | Found a roughly hewn altar of Beogh.
 28706 | Orc:2    | Found a roughly hewn altar of Beogh.
 28706 | Orc:2    | Found Ukuevvis's Gadget Shoppe.
 28867 | Orc:2    | Found a roughly hewn altar of Beogh.
 28905 | Orc:2    | Found a roughly hewn altar of Beogh.
 28922 | Orc:2    | Found a roughly hewn altar of Beogh.
 29085 | Orc:2    | Found a roughly hewn altar of Beogh.
 29107 | Orc:2    | Found Pino's Armour Boutique.
 29148 | Orc:2    | Noticed Saint Roka
 29246 | Orc:2    | Reached XP level 16. HP: 69/83 MP: 36/36
 29258 | Orc:2    | Found a roughly hewn altar of Beogh.
 29731 | Orc:2    | HP: 3/83 [Saint Roka/divine providence (14)]
 29734 | Orc:2    | Killed from afar by Saint Roka

Skill      XL: |  1  2  3  4  5  6  7  8  9 10 11 12 13 14 15 |
---------------+----------------------------------------------+-----
Conjurations   | 2 3 4 5 6 7 9 10 11 12 | 12.1
Spellcasting   | 5 7 8 9 10 11 13 14 | 14.1
Stealth        | 3 |  3.1
Poison Magic   | 1 2 3 4 5 |  5.1
Air Magic      | 1 2 3 4 |  4.9
Dodging        | 3 4 5 6 7 |  7.7
Translocations | 2 3 4 5 |  5.8
Short Blades   | 1 2 3 4 6 7 8 9 10 11 | 11.2
Fire Magic     | 1 2 4 5 6 7 8 9 10 | 10.2
Armour         | 2 3 4 |  4.6
Shields        | 2 4 6 7 |  7.3
Ice Magic      | 2 4 5 7 8 9 10 | 10.3
Charms         | 1 5 7 8 9 |  9.0
Fighting       | 1 2 3 |  3.0
Throwing       | 1 2 3 |  3.2
Earth Magic    | 3 5 |  5.6
Long Blades    | 1 3 |  3.5
Hexes          | 1 |  1.7
Summonings     | |  1.1
Evocations     | |  0.5

Action                   |  1- 3 |  4- 6 |  7- 9 | 10-12 | 13-15 | 16-18 || total
-------------------------+-------+-------+-------+-------+-------+-------++-------
Melee: Dagger            |    40 |    44 |     7 |    33 |       |       ||   124
       Spear             |       |    88 |       |       |       |       ||    88
       Short sword       |       |    43 |   195 |   159 |   374 |       ||   771
       Trident           |       |       |    53 |   142 |    43 |       ||   238
       Rapier            |       |       |    40 |   307 |  1138 |    37 ||  1522
       Long sword        |       |       |       |     3 |    43 |     7 ||    53
Throw: Boomerang         |       |    11 |     6 |    18 |    17 |       ||    52
       Javelin           |       |       |     1 |     8 |     1 |       ||    10
       Dart              |       |       |       |   106 |   231 |     1 ||   338
 Cast: Magic Dart        |    90 |    81 |    89 |   114 |    91 |     1 ||   466
       Mephitic Cloud    |       |     9 |    27 |    43 |    72 |     5 ||   156
       Conjure Flame     |       |    11 |     9 |    47 |    12 |       ||    79
       Blink             |       |     7 |     5 |    30 |    23 |     2 ||    67
       Ozocubu's Armour  |       |       |     6 |    35 |    85 |     3 ||   129
       Sticky Flame      |       |       |       |    23 |   139 |     7 ||   169
       Fireball          |       |       |       |    10 |    50 |     3 ||    63
       Lightning Bolt    |       |       |       |       |    15 |     1 ||    16
       Bolt of Magma     |       |       |       |       |     9 |       ||     9
Evoke: Wand              |       |       |       |     4 |     2 |       ||     6
       Lightning rod     |       |       |       |     1 |       |       ||     1
  Use: Scroll            |       |     9 |    14 |     7 |    19 |       ||    49
       Potion            |       |     4 |     1 |     6 |    12 |     4 ||    27
 Stab: Sleeping          |     3 |     6 |     2 |       |       |       ||    11
       Confused          |       |     3 |    15 |    21 |    44 |     2 ||    85
  Eat: Chunk             |     2 |     5 |     8 |    11 |    26 |     2 ||    54
       Ration            |       |       |     2 |     4 |     8 |       ||    14
Armor: Robe              |     3 |    12 |    12 |    84 |     5 |       ||   116
       Skin              |       |       |     1 |       |       |       ||     1
       Leather armour    |       |       |    52 |    95 |       |       ||   147
       Troll leather arm |       |       |       |       |   318 |    10 ||   328
Dodge: Dodged            |    32 |    56 |   126 |   272 |   694 |    17 ||  1197
       Deflected         |       |       |       |    15 |    11 |     1 ||    27
Block: Other             |       |     6 |    35 |   134 |    51 |       ||   226
       Reflection        |       |     1 |     3 |    26 |    20 |     1 ||    51
       Buckler           |       |       |       |    64 |   950 |    28 ||  1042
       Rpst.: Long sword |       |       |       |     1 |     4 |       ||     5
